Map: [ESL] Waterfall

Players

KingCobra - Winner!

  • Race: Protoss Protoss
  • Spawn Location: 7:00

Bly

  • Race: Zerg Zerg
  • Spawn Location: 1:00

Event: DreamHack SC2 Masters 2022 Atlanta (Online)

VOD

Have the link to the VOD?

Description

Time

  • Played on: Oct. 4, 2022, 2:41 p.m.
  • Length: 21:56

All games in this series

Show
View Real Time Build Order
Export as new Build Order

KingCobra Protoss - Winner!

Build Orders: 1 Gate Expand, Forge Fast Expand (FFE), Carriers, Zealot Archon 

Get SALT Encoding   

  12  0:00  Probe  
  13  0:13  Probe  
  14  0:18  Pylon  
  14  0:26  Probe (Chrono Boost)  
  15  0:38  Probe (Chrono Boost)  
  15  0:40  Gateway  
  16  0:46  Probe (Chrono Boost)  
  17  0:54  Forge  
  17  0:57  Probe  
  18  1:10  Probe  
  19  1:31  Photon Cannon  
  19  1:41  Nexus  
  18  1:48  Probe  
  18  1:50  Assimilator  
  19  1:57  Cybernetics Core  
  19  2:06  Pylon  
  18  2:10  Probe (Chrono Boost)  
  19  2:17  Pylon  
  19  2:20  Probe (Chrono Boost)  
  20  2:25  Probe (Chrono Boost)  
  21  2:35  Stalker  
  21  2:36  Probe (Chrono Boost)  
  24  2:46  Probe (Chrono Boost)  
  24  2:50  Assimilator  
  25  2:53  Probe (Chrono Boost)  
  25  2:55  Probe (Chrono Boost)  
  27  2:59  Shield Battery  
  27  3:02  Probe (Chrono Boost)  
  27  3:05  Probe (Chrono Boost)  
  29  3:07  Probe (Chrono Boost)  
  30  3:19  Probe (Chrono Boost)  
  32  3:20  Probe (Chrono Boost)  
  32  3:25  Probe (Chrono Boost)  
  34  3:27  Probe (Chrono Boost)  
  34  3:28  Stargate  
  34  3:33  Probe  
  34  3:34  Warp Gate  
  35  3:39  Probe  
  36  3:43  Assimilator  
  36  3:46  Probe  
  37  3:49  Pylon  
  37  3:51  Probe  
  38  3:58  Probe  
  39  4:03  Probe  
  39  4:08  Pylon  
  40  4:10  Probe  
  40  4:14  Void Ray (Chrono Boost)  
  40  4:15  Probe, Assimilator  
  46  4:20  Twilight Council  
  46  4:22  Probe  
  47  4:27  Probe  
  48  4:34  Probe  
  49  4:39  Probe  
  50  4:46  Probe  
  50  4:48  Oracle  
  50  4:51  Probe  
  55  4:53  Pylon  
  55  4:58  Probe  
  56  5:03  Probe  
  56  5:06  Nexus  
  57  5:08  Pylon  
  57  5:10  Charge  
  57  5:13  Protoss Ground Weapons Level 1  
  57  5:14  Pylon  
  57  5:15  Probe x2  
  59  5:21  Gateway  
  59  5:22  Gateway  
  59  5:27  Probe  
  60  5:32  Photon Cannon  
  60  5:33  Shield Battery  
  60  5:34  Templar Archives  
  60  5:36  Zealot  
  62  5:45  Probe  
  62  5:46  Probe  
  62  5:49  Nexus  
  64  5:59  Probe x2  
  64  6:03  Zealot  
  68  6:10  Gateway  
  68  6:12  Gateway  
  68  6:15  Psionic Storm  
  68  6:16  Gateway x2  
  68  6:17  Probe x2  
  70  6:23  High Templar x2  
  74  6:27  Pylon  
  74  6:29  Probe x2  
  76  6:33  Archon  
  76  6:38  High Templar  
  75  6:42  Photon Cannon x2  
  75  6:45  Pylon  
  75  6:50  Probe x2  
  77  6:58  High Templar  
  77  6:59  Fleet Beacon  
  79  7:02  Probe x2  
  79  7:06  High Templar  
  83  7:14  Probe, Pylon  
  84  7:16  Photon Cannon  
  84  7:17  Assimilator  
  84  7:19  Probe x2  
  84  7:20  Assimilator  
  82  7:26  Probe  
  82  7:27  Protoss Air Weapons Level 1 (Chrono Boost)  
  83  7:31  Probe  
  83  7:32  Photon Cannon, High Templar  
  86  7:38  Shield Battery, Photon Cannon  
  86  7:39  Pylon  
  86  7:43  Zealot x3  
  86  7:44  High Templar  
  93  7:49  Zealot x2  
  97  7:52  Gateway  
  95  8:03  Zealot x3  
  101  8:08  Tempest  
  106  8:14  Photon Cannon  
  106  8:15  High Templar  
  106  8:18  Pylon  
  104  8:25  Zealot x3, Robotics Facility  
  110  8:33  Mothership (Chrono Boost)  
  108  8:34  Stalker  
  108  8:47  Zealot x6  
  108  8:48  Zealot  
  128  8:54  Tempest  
  121  9:08  Archon  
  115  9:12  High Templar  
  115  9:13  High Templar  
  115  9:18  Stalker  
  115  9:22  Probe x2 (Chrono Boost)  
  119  9:24  Protoss Air Weapons Level 2 (Chrono Boost)  
  119  9:25  High Templar  
  119  9:26  Zealot x4  
  129  9:34  Observer  
  128  9:43  High Templar  
  118  9:46  Protoss Ground Weapons Level 2 (Chrono Boost)  
  118  9:48  Zealot x4  
  118  9:49  Zealot x2  
  130  9:58  Nexus  
  130  10:00  Pylon  
  130  10:22  Zealot x8  
  110  10:43  Photon Cannon  
  110  10:44  Zealot x6  
  110  10:45  Zealot, Photon Cannon  
  110  10:47  Shield Battery, High Templar  
  110  10:49  Shield Battery  
  126  10:52  Shield Battery  
  126  10:54  Observer  
  126  10:56  Pylon  
  127  11:01  Assimilator  
  127  11:04  Assimilator, High Templar x3  
  133  11:19  Zealot x3  
  133  11:20  Zealot x2  
  133  11:23  Pylon  
  143  11:27  Stargate  
  143  11:28  Stargate  
  139  11:38  Mothership (Chrono Boost), Zealot x2  
  139  11:39  Zealot  
  128  11:54  Protoss Ground Weapons Level 3  
  128  11:56  High Templar  
  128  12:00  Tempest  
  123  12:04  Probe x3 (Chrono Boost)  
  125  12:09  Observer  
  126  12:15  Probe  
  126  12:18  Tempest x2  
  126  12:21  Zealot  
  126  12:22  Zealot x5  
  148  12:30  Protoss Air Weapons Level 3 (Chrono Boost)  
  148  12:43  Zealot x8  
  159  13:12  Immortal  
  143  13:19  Carrier x2 (Chrono Boost)  
  161  13:26  Carrier (Chrono Boost)  
  157  13:27  Robotics Facility, High Templar x2  
  157  13:32  Archon  
  161  13:35  High Templar  
  161  13:36  High Templar  
  165  13:43  Archon x2  
  165  13:55  Archon  
  165  14:01  Zealot x4  
  165  14:02  Zealot x2  
  180  14:03  Immortal (Chrono Boost)  
  180  14:05  Pylon  
  180  14:06  Pylon  
  186  14:25  Observer (Chrono Boost)  
  186  14:26  Carrier (Chrono Boost)  
  186  14:30  Carrier (Chrono Boost)  
  187  14:39  Immortal (Chrono Boost)  
  187  14:41  Carrier (Chrono Boost)  
  187  14:42  Pylon  
  191  14:52  Zealot  
  193  15:17  Zealot x3  
  197  15:33  Oracle  
  200  15:42  Observer  
  192  16:10  Zealot x8  
  175  16:25  Mothership (Chrono Boost)  
  171  16:42  Zealot x2  
  171  16:43  Zealot x6  
  183  17:14  Observer  
  183  17:15  High Templar x4  
  174  17:16  High Templar x2  
  180  17:23  Zealot x2  
  179  17:30  Carrier x3 (Chrono Boost)  
  192  17:51  High Templar x4  
  194  17:55  Archon x2  
  192  18:07  Zealot x4  
  189  18:24  Nexus  
  189  18:27  Pylon  
  189  18:30  Pylon  
  189  18:33  Assimilator  
  189  18:34  Observer  
  190  18:38  Assimilator  
  186  18:50  Mothership (Chrono Boost)  
  182  19:14  Zealot x8  
  196  19:36  Immortal x2  
  152  20:11  Carrier x3 (Chrono Boost)  
  164  20:17  Immortal x2  
  178  20:25  Photon Cannon  
  178  20:27  Photon Cannon  
  178  20:28  Shield Battery  
  178  20:44  Zealot x8  
  194  21:05  High Templar x2  
  194  21:09  Archon  
Show
View Real Time Build Order
Export as new Build Order

Bly Zerg 

Build Orders: Pool First, Roach Hydra 

Get SALT Encoding   

  12  0:00  Drone  
  13  0:10  Drone  
  14  0:25  Spawning Pool  
  13  0:31  Drone  
  14  0:37  Drone, Extractor  
  14  0:40  Extractor  
  14  0:42  Drone  
  14  0:48  Overlord  
  16  1:12  Zergling x2  
  16  1:13  Zergling x2  
  16  1:18  Extractor  
  17  1:26  Drone x2  
  19  1:36  Hatchery  
  18  1:40  Queen  
  20  1:51  Drone x2  
  21  2:11  Hatchery  
  21  2:14  Drone x2  
  21  2:17  Extractor  
  21  2:20  Drone  
  21  2:36  Overlord  
  21  2:47  Queen  
  21  2:49  Drone x2  
  21  2:50  Drone x2  
  27  2:54  Drone  
  27  2:56  Drone  
  29  3:01  Drone  
  30  3:08  Queen  
  32  3:14  Overlord  
  32  3:19  Drone  
  33  3:20  Drone  
  33  3:24  Drone x2  
  36  3:28  Metabolic Boost  
  36  3:37  Overlord  
  36  3:44  Drone x4  
  40  3:48  Queen  
  42  3:59  Drone x6  
  48  4:04  Queen  
  50  4:13  Drone x3  
  50  4:14  Overlord  
  54  4:17  Drone x2  
  55  4:26  Queen  
  55  4:30  Overlord x2  
  57  4:33  Lair  
  57  4:39  Drone x6  
  57  4:44  Overlord x2  
  63  4:47  Overlord  
  63  4:48  Drone  
  64  4:56  Zergling x10  
  64  4:58  Zergling x6  
  72  5:03  Overlord  
  72  5:08  Hatchery  
  71  5:23  Drone  
  71  5:24  Drone x7  
  71  5:26  Extractor x2  
  71  5:27  Extractor  
  71  5:28  Extractor  
  75  5:29  Extractor  
  75  5:30  Evolution Chamber  
  75  5:31  Drone x4  
  75  5:45  Drone  
  75  5:46  Drone x6  
  79  5:58  Drone x4  
  79  6:00  Hydralisk Den  
  79  6:02  Spore Crawler  
  79  6:03  Spore Crawler  
  80  6:05  Spore Crawler  
  80  6:09  Overlord  
  77  6:13  Zerg Missile Weapons Level 1  
  77  6:18  Roach Warren  
  76  6:19  Drone x4  
  76  6:20  Overseer  
  80  6:26  Drone x3  
  80  6:28  Overlord x2  
  80  6:29  Zergling x10  
  80  6:32  Grooved Spines  
  87  6:40  Baneling Nest, Drone x4  
  90  6:48  Hatchery  
  90  6:49  Hatchery  
  88  6:58  Spore Crawler, Glial Reconstitution, Drone x3  
  90  7:03  Roach  
  90  7:04  Roach x12  
  115  7:19  Drone x2  
  115  7:20  Drone x7, Extractor  
  115  7:21  Extractor  
  121  7:23  Queen x2, Infestation Pit  
  124  7:32  Overlord x3  
  124  7:43  Muscular Augments  
  123  7:45  Overlord  
  116  8:16  Zergling x20  
  116  8:17  Zergling x32  
  116  8:19  Hive  
  142  8:21  Spire  
  141  8:27  Drone  
  141  8:28  Drone x5  
  141  8:31  Spine Crawler  
  141  8:32  Spine Crawler  
  145  8:34  Spine Crawler  
  142  8:43  Centrifugal Hooks  
  142  8:44  Zerg Melee Weapons Level 1  
  115  9:07  Hydralisk x16  
  123  9:14  Drone x6  
  122  9:20  Evolution Chamber  
  122  9:23  Hydralisk x9  
  139  9:30  Overlord  
  139  9:32  Ultralisk Cavern  
  136  9:46  Roach x8  
  136  9:47  Roach x2  
  136  9:51  Zerg Missile Weapons Level 2  
  156  10:03  Viper x2  
  156  10:05  Hatchery  
  159  10:18  Pneumatized Carapace  
  159  10:19  Overseer x2  
  159  10:20  Chitinous Plating  
  159  10:21  Zerg Flyer Armor Level 1  
  159  10:22  Overlord  
  145  10:44  Corruptor  
  145  10:45  Corruptor x6  
  159  10:51  Drone x4  
  159  10:55  Hatchery, Spine Crawler  
  161  11:07  Hatchery  
  160  11:24  Zerg Ground Armor Level 1  
  160  11:25  Drone  
  160  11:26  Drone x12  
  160  11:30  Overlord x2  
  171  11:36  Spore Crawler  
  171  11:38  Spore Crawler  
  151  11:59  Zergling x42  
  151  12:00  Zergling x2  
  155  12:18  Ultralisk x5  
  155  12:19  Overlord x2  
  179  12:25  Extractor  
  179  12:28  Extractor  
  177  12:36  Zerg Flyer Armor Level 2  
  176  12:38  Anabolic Synthesis  
  176  12:42  Drone x3  
  171  12:45  Zergling x34  
  171  12:49  Zergling x6  
  159  13:13  Baneling x15  
  159  13:17  Infestor x4  
  159  13:19  Drone  
  164  13:20  Drone x2  
  164  13:21  Drone x4  
  164  13:26  Spine Crawler  
  169  13:29  Spine Crawler  
  161  13:45  Viper x2  
  162  13:48  Corruptor x2  
  162  13:49  Corruptor x8  
  182  14:00  Hatchery  
  181  14:03  Corruptor  
  181  14:04  Corruptor x2  
  181  14:08  Overseer  
  181  14:09  Overseer x3  
  187  14:13  Burrow  
  187  14:14  Zerg Melee Weapons Level 2  
  185  14:29  Baneling  
  182  14:57  Zergling x16  
  182  14:58  Zergling x20  
  199  15:20  Hatchery  
  198  15:25  Baneling x10  
  198  15:36  Zergling x2  
  198  15:40  Zerg Ground Armor Level 2  
  195  15:46  Greater Spire  
  188  15:51  Baneling x21, Overseer  
  188  15:52  Baneling  
  188  15:53  Baneling x2  
  184  16:07  Zergling x12  
  184  16:08  Zergling x24  
  157  16:23  Ultralisk x5  
  178  16:31  Corruptor x5  
  175  16:36  Overlord x3  
  151  16:54  Viper x2  
  151  16:55  Corruptor x9  
  146  17:38  Ultralisk  
  146  17:39  Ultralisk x2  
  146  17:41  Overlord x2  
  162  17:57  Hatchery  
  145  17:59  Corruptor x6  
  147  18:13  Corruptor x2  
  137  18:24  Zergling x12  
  137  18:25  Zergling x8  
  147  18:30  Extractor  
  147  18:32  Extractor  
  134  18:55  Corruptor x3  
  138  18:57  Zergling x14  
  142  19:15  Spire  
  137  19:23  Ultralisk Cavern  
  111  20:05  Spawning Pool  
  110  20:12  Ultralisk x3  
  131  20:26  Overlord  
  122  20:39  Corruptor  
  124  20:53  Zergling x2  
  125  21:10  Hatchery  
  124  21:21  Spore Crawler  
  124  21:24  Spore Crawler  
  122  21:25  Spore Crawler  
  122  21:28  Spore Crawler x2  
  122  21:29  Spore Crawler x3  
  116  21:35  Spore Crawler  
  116  21:37  Spore Crawler  
Tags
 
Add a new tag
Caveats
  • Supply blocks, unpowered buildings, or Contaminate may cause inaccurate times.
  • Supply counts are checked every 10 seconds.